 Dungeon Crawl Stone Soup version 0.26-a0-541-g3b3d21e777 (webtiles) character file.

Game seed: 12396919270290903175

331 BeastOfSaturn the Slasher (level 6, -3/48 HPs)
             Began as a Demonspawn Fighter on Aug 16, 2020.
             Killed by divine providence
             ... invoked by an orc priest
              (12 damage)
             ... on level 5 of the Dungeon.
             The game lasted 00:04:39 (3892 turns).

BeastOfSaturn the Slasher (Demonspawn Fighter)      Turns: 3892, Time: 00:04:40

Health: -3/48      AC: 10    Str: 17    XL:     6   Next: 26%
Magic:  6/6        EV:  7    Int: 11    God:
Gold:   253        SH:  8    Dex: 12    Spells: 5/5 levels left

rFire    . . .     SeeInvis .   a - +1 long sword
rCold    . . .     Faith    .   c - +0 kite shield
rNeg     . . .     Spirit   .   b - +0 scale mail
rPois    .         Reflect  .   (helmet restricted)
rElec    .         Harm     .   (no cloak)
rCorr    .                      (no gloves)
MR       .....                  l - +1 pair of boots
Stlth    ..........             (no amulet)
HPRegen  0.16/turn              (no ring)
MPRegen  0.10/turn              (no ring)

@: no status effects
A: horns 2, molten scales 1, demonic guardian 1
a: no special abilities


You were on level 5 of the Dungeon.
You visited 1 branch of the dungeon, and saw 5 of its levels.

You collected 253 gold pieces.

Inventory:

Hand Weapons
 a - a +1 long sword (weapon)
 q - a +0 morningstar
Armour
 b - a +0 scale mail (worn)
 c - a +0 kite shield (worn)
 l - a +1 pair of boots (worn)
Wands
 p - a wand of digging (7)
Scrolls
 f - a scroll of fear {unknown}
 g - 2 scrolls of identify
 m - 2 scrolls of noise {unknown}
 n - 4 scrolls of remove curse {unknown}
 o - 3 scrolls of teleportation {unknown}
 r - a scroll of magic mapping {unknown}
Potions
 d - a potion of might
 e - a potion of curing
 h - a potion of haste
 i - 3 potions of flight
 j - 2 potions of degeneration
 k - a potion of heal wounds


   Skills:
 * Level 4.3 Fighting
 * Level 4.9 Long Blades
 - Level 2.6 Armour
 * Level 1.8 Dodging
 - Level 2.6 Shields


You had 5 spell levels left.
You didn't know any spells.
Your spell library was empty.

Dungeon Overview and Level Annotations

Branches:
Dungeon (5/15)
 Temple: D:4-7

Altars:
Wu Jian


Innate Abilities, Weirdness & Mutations

You have a pair of horns on your head.
You are partially covered in molten scales. (AC +2)
A weak demonic guardian rushes to your aid.


Message History

The orc wizard seems to speed up.
You slash the orc wizard! Your headbutt misses the orc wizard.
The orc wizard is severely wounded.
The orc wizard points at you and mumbles some strange words.
The magic dart hits you but does no damage.
You block the orc's attack.
The orc wizard hits you but does no damage.
You miss the orc wizard. Your headbutt misses the orc wizard.
The orc wizard is severely wounded.
The orc hits you with a +0 short sword. You block the orc wizard's attack.
The orc hits you but does no damage.
You slash the orc wizard!
You kill the orc wizard!
The orc priest calls down the wrath of Beogh upon you.
Beogh smites you!
* * * LOW HITPOINT WARNING * * *
The orc hits you but does no damage.
The orc priest calls down the wrath of Beogh upon you.
Beogh smites you!
You die...

............#..........#.#..# #
####.....##..##..#...##...## #
##........###...........# #
#.......................# #
####.......#.#.............#####
#.........>..............#.##...
#.###.....#....##.......##....##
.#.####.[.##..####.#..........#
.(.†...<.###...5@oo...#........#
..######.......##o......####....
..###.....###o......#
#............/.......
.....##...###.......#
.....................#
.................#####
......#...........
<...###.#........##


You could see an orc priest, 3 orcs and a friendly iron imp (summoned).

Vanquished Creatures
  A hound (D:4)
  An orc wizard (D:5)
  2 worker ants
  Robin (D:2)
  A howler monkey skeleton (D:4)
  6 adders
  3 oozes
  2 worms
  A dart slug (D:1)
  6 leopard geckos
  6 orcs (D:3)
  4 giant cockroaches
  5 hobgoblins
  4 kobolds
  3 quokkas
  2 ball pythons (D:1)
  7 bats
  2 frilled lizards
  14 goblins
  A leopard gecko skeleton (D:5)
  2 quokka skeletons (D:4)
  4 rats
78 creatures vanquished.

Vanquished Creatures (collateral kills)
  A hound (D:4)
  An orc priest (D:3)
  An orc (D:3)
3 creatures vanquished.

Grand Total: 81 creatures vanquished

Notes
Turn   | Place    | Note
-------+----------+-------------------------------------------
     0 | D:1      | BeastOfSaturn the Demonspawn Fighter began the quest for
                  | the Orb.
     0 | D:1      | Reached XP level 1. HP: 18/18 MP: 1/1
   137 | D:1      | Gained mutation: A weak demonic guardian rushes to your
                  | aid. [demonic ancestry]
   137 | D:1      | Reached XP level 2. HP: 24/24 MP: 2/2
   995 | D:2      | Found an ornate altar of the Wu Jian Council.
  1244 | D:2      | Gained mutation: You have a pair of small horns on your
                  | head. [demonic ancestry]
  1244 | D:2      | Reached XP level 3. HP: 28/29 MP: 3/3
  1332 | D:2      | Reached skill level 1 in Dodging
  1573 | D:2      | Noticed Robin
  1592 | D:2      | Killed Robin
  1592 | D:2      | Gained mutation: You are partially covered in molten
                  | scales. (AC +2) [demonic ancestry]
  1592 | D:2      | Reached XP level 4. HP: 7/37 MP: 4/4
  2714 | D:3      | Gained mutation: You have a pair of horns on your head.
                  | [demonic ancestry]
  2714 | D:3      | Reached XP level 5. HP: 23/42 MP: 5/5
  3708 | D:5      | Entered Level 5 of the Dungeon
  3805 | D:5      | Reached XP level 6. HP: 38/48 MP: 6/6
  3892 | D:5      | Killed from afar by an orc priest

Illustrated notes

Levels and vault maps discovered:
D:1:      onia_arrival_mini_maze_b, layout_basic
D:2:      layout_basic, nicolae_overflow_crystal_walls, uniq_robin
D:3:      layout_basic
D:4:      layout_cave_pools
D:5:      layout_rooms, kennysheep_mini_moat, nemelex_xobeh_ov_fountains_minmay,
          marbit_many_paths

Skill      XL: |  1  2  3  4  5 |
---------------+----------------+-----
Long Blades    | 2 3 4 |  4.9
Dodging        | 1 |  1.8
Fighting       | 4 |  4.3
Armour         | |  2.6
Shields        | |  2.6

Action                   |  1- 3 |  4- 6 || total
-------------------------+-------+-------++-------
Melee: Long sword        |   114 |   155 ||   269
       Headbutt          |    14 |    20 ||    34
  Use: Scroll            |       |     7 ||     7
       Potion            |       |     1 ||     1
Armor: Scale mail        |    60 |    77 ||   137
Dodge: Dodged            |    34 |    38 ||    72
Block: Kite shield       |    54 |    86 ||   140
       Rpst.: Long sword |    11 |    10 ||    21

Table legend: (Time is in decaauts)
 A = Elapsed time spent in this place.
 B = Non-inter-level travel time spent in this place.
 C = Inter-level travel time spent in this place.
 D = Time resting spent in this place.
 E = Time spent auto-exploring this place.
 F = Levels seen in this place.
 G = Mean time per level.
                   A        B        C        D        E       F      G
               +--------+--------+--------+--------+--------+-----+--------+
         Total |   3975 |   3832 |    143 |    308 |   2872 |   5 |  795.0 |
       Dungeon |   3975 |   3832 |    143 |    308 |   2872 |   5 |  795.0 |
               +--------+--------+--------+--------+--------+-----+--------+

Top non-repeatable levels by time:
     D:2: 1245 daAuts
     D:3: 1028 daAuts
     D:1: 1010 daAuts
     D:4: 494 daAuts
     D:5: 196 daAuts
